 Dungeon Crawl Stone Soup version 0.27-a0-1060-gcb85b5eba1 (webtiles) character file.

Game seed: 6799321043977330620

1821 leviel the Protected (level 9, -3/111 HPs)
             Began as a Hill Orc Fighter on Apr 21, 2021.
             Was an Initiate of Gozag.
             Slain by Menkaure (4 damage)
             ... on level 6 of the Dungeon.
             The game lasted 00:09:05 (7489 turns).

leviel the Protected (Hill Orc Fighter)             Turns: 7489, Time: 00:09:05

Health: -3/111     AC: 11    Str: 22    XL:     9   Next: 10%
Magic:  9/9        EV:  8    Int:  8    God:    Gozag
Gold:   387        SH: 10    Dex: 12    Spells: 8/8 levels left

rFire    . . .     SeeInvis .   a - +0 war axe
rCold    . . .     Faith    .   c - +0 kite shield
rNeg     . . .     Spirit   .   b - +0 scale mail
rPois    .         Reflect  .   (helmet restricted)
rElec    .         Harm     .   (no cloak)
rCorr    +         Rampage  .   j - +2 pair of gloves
Will     .....     Rnd*Rage +   (no boots)
Stlth    ..........             d - amulet of the acrobat
HPRegen  0.28/turn              l - ring of resist corrosion
MPRegen  0.11/turn              (no ring)

@: berserking, gold aura, attractive, very quick
A: antennae 1, agile 1, berserk 1, subdued magic 1
a: Renounce Religion, Potion Petition, Call Merchant, Bribe Branch


You were on level 6 of the Dungeon.
You worshipped Gozag.
Gozag was aware of your devotion.
You visited 2 branches of the dungeon, and saw 7 of its levels.

You collected 431 gold pieces.
You paid 44 gold pieces to Gozag.

Inventory:

Hand Weapons
 a - a +0 war axe (weapon)
Missiles
 m - a throwing net (quivered)
Armour
 b - a +0 scale mail (worn)
 c - a +0 kite shield (worn)
 j - a +2 pair of gloves (worn)
Jewellery
 d - an amulet of the acrobat (around neck)
 l - a ring of resist corrosion (left hand)
Wands
 e - a wand of polymorph (7)
 s - a wand of mindburst (12)
Scrolls
 f - 4 scrolls of identify
 g - 2 scrolls of enchant weapon {unknown}
 k - a scroll of amnesia
 o - 2 scrolls of fog {unknown}
 p - a scroll of silence {unknown}
 t - a scroll of brand weapon {unknown}
 u - a scroll of torment {unknown}
Potions
 h - a potion of attraction
 n - 2 potions of berserk rage
 q - a potion of haste {unknown}
 r - a potion of invisibility {unknown}
 v - a potion of heal wounds {unknown}


   Skills:
 - Level 5.3 Fighting
 - Level 4.7 Axes
 + Level 9.3 Armour
 - Level 4.8 Shields
 - Level 6.0 Evocations


You had 8 spell levels left.
You didn't know any spells.
Your spell library contained the following spells:

 Spells                   Type           Power      Damage    Failure   Level
 Beastly Appendage        Tmut           0%         N/A       98%         1
 Wereblood                Tmut           0%         N/A       99%         2
 Spider Form              Tmut/Pois      0%         N/A       100%        3
 Ice Form                 Ice/Tmut       0%         N/A       100%        4
 Hydra Form               Tmut           0%         N/A       100%        5


Dungeon Overview and Level Annotations

Branches:
Dungeon (6/15)             Temple (1/1) D:4

Altars:
Ashenzari
Cheibriados
Dithmenos
Elyvilon
Gozag
Hepliaklqana
Kikubaaqudgha
Okawaru
Qazlal
Sif Muna
Trog
Vehumet
Wu Jian
Xom
Yredelemnul
Zin
The Shining One

Annotations:
D:6 Menkaure


Innate Abilities, Weirdness & Mutations

You have a pair of small antennae on your head.
You are agile. (Dex +2)
You tend to lose your temper in combat.
Your spells are a little easier to cast, but a little less powerful.


Message History

Pikel convulses!
Your body is wracked with pain!
* * * LOW HITPOINT WARNING * * *
Pikel zaps a wand.
You block the puff of flame.
Pikel zaps a wand.
The puff of flame hits you!
* * * LOW HITPOINT WARNING * * *
It was a potion of attraction.
You feel attractive to monsters. Pikel is pulled toward you!
The lemure is pulled toward you!
It was a potion of mutation.
You feel extremely strange. A pair of antennae grows on your head!
Your connection to magic feels subdued.
You feel a little pissed off.
You feel agile. Pikel closely misses you.
It was a potion of berserk rage.
A red film seems to cover your vision as you go berserk!
You feel yourself moving faster!
You feel mighty!
Pikel says, "You'll feel the lick of my whip!"
Pikel barely misses you. The lemure is pulled toward you!
You completely miss Pikel.
Pikel is severely wounded.
Pikel hits you but does no damage.
You slash Pikel!
You kill Pikel!
With Pikel's spell broken, his former minions thank you for their freedom.
The lemure departs this earthly plane. x2; Menkaure is pulled toward you!
Your Armour skill gained 2 levels and is now at level 9!
You have reached level 9!
Your experience leads to an increase in your attributes!
Your base attributes are Str 21, Int 8, Dex 10.
Increase (S)trength, (I)ntelligence, or (D)exterity?
You feel stronger.
You hit Menkaure.
Menkaure is lightly damaged.
Menkaure hits you.
* * * LOW HITPOINT WARNING * * *
You slash Menkaure!
Menkaure is severely damaged.
Menkaure blazes with dark energy!
Menkaure hits you.
You die...
Your body crumbles into a pile of gold.

...........#
#..$..#
##########.#
#.#M#.#
#.#555#5# ..
#.#####.#####
#.#...#5#...#
#.#.#(#.#.#5#
#.#.#...5.#.#
#.#.#######.#
#......@M§§.#
#############


You could see Menkaure (fast).

Vanquished Creatures
  Pikel (D:6)
  Grinder (D:5)
  Sigmund (D:2)
  2 black bears
  An ice beast (D:6)
  An ogre (D:5)
  A centaur (D:6)
  A lemure (D:6)
  A jelly (D:5)
  3 hounds
  Crazy Yiuf (D:3)
  A bullfrog skeleton (D:5)
  2 centaur skeletons
  3 iguanas
  Jessica (D:2)
  An orc wizard (D:6)
  A killer bee zombie (D:3)
  A hound skeleton (D:4)
  Robin (D:3)
  4 gnolls (D:4)
  2 howler monkey skeletons
  6 adders
  2 worms (D:2)
  3 dart slugs
  9 orcs
  6 ball pythons
  5 bats
  12 endoplasms
  2 giant cockroaches (D:2)
  12 hobgoblins
  4 quokkas
  2 frilled lizards
  15 goblins
  7 kobolds
  5 rats
121 creatures vanquished.

Notes
Turn   | Place    | Note
-------+----------+-------------------------------------------
     0 | D:1      | leviel the Hill Orc Fighter began the quest for the Orb.
     0 | D:1      | Reached XP level 1. HP: 19/19 MP: 1/1
   225 | D:1      | Reached XP level 2. HP: 27/27 MP: 2/2
   843 | D:1      | Found a faded altar of an unknown god.
   986 | D:1      | Reached XP level 3. HP: 28/33 MP: 3/3
  1571 | D:2      | Found a basalt altar of Yredelemnul.
  1622 | D:2      | Noticed Sigmund
  1675 | D:2      | Killed Sigmund
  1676 | D:2      | Reached skill level 5 in Fighting
  1676 | D:2      | Reached skill level 4 in Armour
  1676 | D:2      | Reached XP level 4. HP: 9/42 MP: 4/4
  1676 | D:2      | Reached XP level 5. HP: 10/48 MP: 5/5
  2321 | D:2      | Noticed Jessica
  2329 | D:2      | Killed Jessica
  2330 | D:2      | Reached XP level 6. HP: 53/56 MP: 6/6
  2599 | D:3      | Noticed Robin
  2610 | D:3      | Killed Robin
  2777 | D:3      | Found a runed translucent door.
  2778 | D:3      | Noticed Crazy Yiuf
  3168 | D:3      | Killed Crazy Yiuf
  3169 | D:3      | Reached skill level 1 in Evocations
  3571 | D:4      | Found a staircase to the Ecumenical Temple.
  3682 | D:4      | Reached XP level 7. HP: 56/61 MP: 7/7
  4172 | D:4      | Found a broken altar of Ashenzari.
  4659 | Temple   | Entered the Ecumenical Temple
  4749 | Temple   | Became a worshipper of Gozag Ym Sagoz the Greedy
  4792 | D:5      | Entered Level 5 of the Dungeon
  5293 | D:5      | Reached skill level 5 in Evocations
  5398 | D:5      | Noticed Grinder
  5398 | D:5      | Paralysed by Grinder for 5 turns
  5418 | D:5      | Killed Grinder
  5419 | D:5      | Reached XP level 8. HP: 58/68 MP: 8/8
  5512 | D:5      | Reached skill level 5 in Armour
  6216 | D:5      | Reached skill level 6 in Armour
  6239 | D:5      | Found an iron altar of Okawaru.
  6868 | D:6      | Reached skill level 7 in Armour
  7447 | D:6      | Noticed Pikel
  7466 | D:6      | Noticed Menkaure
  7481 | D:6      | HP: 1/68 [Pikel/puff of flame (10)]
  7484 | D:6      | Gained mutation: You have a pair of small antennae on your
                  | head. [potion of mutation]
  7484 | D:6      | Gained mutation: Your spells are a little easier to cast,
                  | but a little less powerful. [potion of mutation]
  7484 | D:6      | Gained mutation: You tend to lose your temper in combat.
                  | [potion of mutation]
  7484 | D:6      | Gained mutation: You are agile. (Dex +2) [potion of
                  | mutation]
  7487 | D:6      | Killed Pikel
  7488 | D:6      | Reached skill level 9 in Armour
  7488 | D:6      | Reached XP level 9. HP: 3/74 MP: 9/9
  7488 | D:6      | HP: 1/111 [Menkaure (3)]
  7489 | D:6      | Slain by Menkaure

Illustrated notes

Levels and vault maps discovered:
D:1:      minmay_arrival_loop, layout_basic,
          shapermc_ecumenical_altar_mp_vishouse
D:2:      layout_basic, basic_altar, uniq_jessica, uniq_sigmund
D:3:      minmay_diamond_boxcup, layout_rooms, uniq_crazy_yiuf_cottage,
          uniq_robin
D:4:      layout_loops_corners, evilmike_ruin_ashenzari,
          minmay_temple_entry_butterflies, kennysheep_big_empty_room
D:5:      layout_loops_corners, okawaru_ov_weapons_minmay, uniq_grinder
D:6:      lemuel_insect_pit, layout_loops_ring, minmay_misc_feat_ornament,
          uniq_pikel, uniq_menkaure
Temple:   jpeg_temple_clearing

Skill      XL: |  1  2  3  4  5  6  7  8 |
---------------+-------------------------+-----
Fighting       | 4 5 |  5.3
Axes           | 3 4 |  4.7
Armour         | 4 9 |  9.3
Shields        | 4 |  4.8
Evocations     | 2 6 |  6.0

Action                   |  1- 3 |  4- 6 |  7- 9 || total
-------------------------+-------+-------+-------++-------
Melee: War axe           |    96 |   125 |   211 ||   432
Throw: Throwing net      |       |       |     2 ||     2
  Use: Potion            |     1 |       |     3 ||     4
       Scroll            |       |     5 |       ||     5
 Stab: Held in net/web   |       |       |     1 ||     1
Armor: Scale mail        |    39 |    43 |   134 ||   216
       Skin              |       |    14 |       ||    14
Dodge: Dodged            |    28 |    43 |    86 ||   157
Block: Kite shield       |    54 |    63 |   105 ||   222

Table legend: (Time is in decaauts)
 A = Elapsed time spent in this place.
 B = Non-inter-level travel time spent in this place.
 C = Inter-level travel time spent in this place.
 D = Time resting spent in this place.
 E = Time spent auto-exploring this place.
 F = Levels seen in this place.
 G = Mean time per level.
                   A        B        C        D        E       F      G
               +--------+--------+--------+--------+--------+-----+--------+
         Total |   7703 |   7369 |    334 |   1253 |   5053 |   7 | 1100.4 |
       Dungeon |   7593 |   7294 |    299 |   1253 |   4983 |   6 | 1265.5 |
        Temple |    109 |     75 |     34 |      0 |     70 |   1 |  109.0 |
               +--------+--------+--------+--------+--------+-----+--------+

Top non-repeatable levels by time:
     D:5: 1622 daAuts
     D:2: 1458 daAuts
     D:4: 1282 daAuts
     D:6: 1164 daAuts
     D:1: 1145 daAuts
     D:3: 920 daAuts
  Temple: 109 daAuts
